 Dungeon Crawl Stone Soup version 0.30-a0-241-g1121274140 (webtiles) character file.

Game seed: 16217080103162060399

130 qw the Chopper (level 5, -3/32 HPs)
             Began as a Gargoyle Fighter on Oct 10, 2022.
             Killed from afar by Robin (14 damage)
             ... with a puff of flame
             ... on level 2 of the Dungeon.
             The game lasted 00:00:53 (1674 turns).

qw the Chopper (Gargoyle Fighter)                   Turns: 1674, Time: 00:00:53

Health: -3/32      AC: 10    Str: 22    XL:     5   Next: 14%
Magic:  5/5        EV:  9    Int:  8    God:
Gold:   72         SH:  6    Dex:  9    Spells: 4/4 levels left

rFire   . . .      SeeInvis .    Y - +0 war axe
rCold   . . .      Faith    .    i - +2 buckler
rNeg    + . .      Spirit   .    b - +0 scale mail
rPois   inf        Reflect  .    (no helmet)
rElec   +          Harm     .    (no cloak)
rCorr   .          Rampage  .    (no gloves)
Will    .....                    (no boots)
Stlth   ..........               (no amulet)
HPRegen 0.25/turn                (no ring)
MPRegen 0.09/turn                (no ring)

@: no status effects
A: sickness immunity, AC +4, negative energy resistance 1, electricity
resistance, torment resistance 1, petrification resistance
a: no special abilities


You were on level 2 of the Dungeon.
You visited 1 branch of the dungeon, and saw 2 of its levels.

You collected 72 gold pieces.


Innate Abilities, Weirdness & Mutations

You are immune to sickness and miasma.
Your stone body is resilient. (AC +4)
You are immune to poison.
You resist negative energy. (rN+)
You are resistant to electric shocks. (rElec)
You are resistant to unholy torment.
You are immune to petrification.


   Skills:
 - Level 3.2 Fighting
 + Level 4.7 Axes
 - Level 3.2 Armour
 - Level 3.2 Shields


You had 4 spell levels left.
You didn't know any spells.
Your spell library was empty.

Inventory:

Hand Weapons
 a - a +0 whip
 Y - a +0 war axe (weapon)
Armour
 b - a +0 scale mail (worn)
 i - a +2 buckler (worn)
Potions
 d - a potion of might
 k - a potion of curing {unknown}

Dungeon Overview and Level Annotations

Branches:
Dungeon (2/15)

Altars:

Annotations:
D:2 Robin


Message History

The hobgoblin hits you. The goblin hits you but does no damage.
You closely miss the goblin. You barely miss the hobgoblin.
The hobgoblin hits you. You block the goblin's attack.
You closely miss the goblin. You hit the hobgoblin.
The goblin closely misses you. The hobgoblin barely misses you.
The hobgoblin hits you. You block the goblin's attack.
You barely miss the hobgoblin.
The hobgoblin is severely wounded.
You closely miss the goblin. The hobgoblin closely misses you.
You block the goblin's attack.
You barely miss the hobgoblin.
The hobgoblin is severely wounded.
You barely miss the goblin. The hobgoblin completely misses you.
You block the goblin's attack.
You completely miss the hobgoblin.
The hobgoblin is severely wounded.
You barely miss the goblin.
The hobgoblin hits you but does no damage.
Robin says, "My goblins will feast on your bones."
You block the goblin's attack.
You closely miss the hobgoblin.
The hobgoblin is severely wounded.
You slash the goblin!
You kill the goblin!
The hobgoblin hits you but does no damage.
The hobgoblin closely misses you.
You hit the hobgoblin.
You kill the hobgoblin!
Robin zaps a wand.
The puff of flame hits you! Robin hits you but does no damage.
Items here: $ %%% ).
You barely miss Robin. Robin misses you.
You hit Robin.
Robin is lightly wounded.
Robin barely misses you. x2
You barely miss Robin.
Robin is lightly wounded.
Robin zaps a wand.
The puff of flame hits you!
You die...

...........######
...........#
...........# #
###........# .#
.##........## ..#
............# ...#
...###....%.# ....#
..........))######.....#
.#####
..............).@g.....<
......
..###....###############
~~.... ..# ####.)...###
~..... ###
#####...######
#.......... ###......#
#.........~ ##.....#
#......~##~ #.....#
#.....#~##. ##....#
#.....#~~##
#....###.....##~#.


You could see Robin.

Vanquished Creatures
  Jessica (D:2)
  2 adders (D:2)
  6 ball pythons
  8 endoplasms
  2 giant cockroaches (D:1)
  10 goblins
  10 hobgoblins
  12 jackals
  6 quokkas
  7 bats
  3 frilled lizards (D:1)
  5 kobolds
  A rat (D:1)
73 creatures vanquished.

Notes
Turn   | Place    | Note
-------+----------+-------------------------------------------
     0 | D:1      | qw the Gargoyle Fighter began the quest for the Orb.
     0 | D:1      | Reached XP level 1. HP: 14/14 MP: 1/1
     0 | D:1      | 0 ||| qw: Version: 0.2-a-17-g06abaee
     0 | D:1      | 0 ||| qw: Game counter: 2386
     0 | D:1      | 0 ||| qw: Always use a shield: true
     0 | D:1      | 0 ||| qw: God list: Okawaru
     0 | D:1      | 0 ||| qw: Allow faded altars: false
     0 | D:1      | 0 ||| qw: Do Orc after D:15 true
     0 | D:1      | 0 ||| qw: Do second Lair branch before Depths: true
     0 | D:1      | 0 ||| qw: Lair rune preference: random
     0 | D:1      | 0 ||| qw: Plans: Normal, Zot:1-4, God:TSO, Crypt, Tomb,
                  | Pan, Slime:5, Hells, Abyss, Orb
     0 | D:1      | 0 ||| PLANNING D:1-11
    25 | D:1      | Reached skill level 2 in Axes
   157 | D:1      | Reached XP level 2. HP: 16/19 MP: 2/2
   220 | D:1      | 220 ||| Stepping ~*~*~tactically~*~*~ (stealth).
   239 | D:1      | 239 ||| Stepping ~*~*~tactically~*~*~ (stealth).
   361 | D:1      | Reached skill level 3 in Axes
   371 | D:1      | Reached XP level 3. HP: 20/23 MP: 3/3
   477 | D:1      | 477 ||| Stepping ~*~*~tactically~*~*~ (stealth).
   478 | D:1      | 478 ||| Stepping ~*~*~tactically~*~*~ (stealth).
   659 | D:1      | 659 ||| Stepping ~*~*~tactically~*~*~ (stealth).
   660 | D:1      | 660 ||| Stepping ~*~*~tactically~*~*~ (stealth).
  1051 | D:1      | 1051 ||| UPGRADING to +2 buckler.
  1061 | D:1      | 1061 ||| DROPPING +0 buckler.
  1062 | D:1      | 1062 ||| READING scroll labelled CARREL PEVAQI.
  1063 | D:1      | 1063 ||| READING scroll labelled IRIUSM WUISH.
  1064 | D:1      | 1064 ||| READING scroll labelled VUIMEA ROPSI.
  1165 | D:1      | 1165 ||| READING scroll labelled DUFIRI NANKUG.
  1296 | D:2      | Reached XP level 4. HP: 27/28 MP: 4/4
  1327 | D:2      | 1327 ||| Stepping ~*~*~tactically~*~*~ (stealth).
  1330 | D:2      | 1330 ||| Stepping ~*~*~tactically~*~*~ (stealth).
  1339 | D:2      | Reached skill level 4 in Axes
  1410 | D:2      | 1410 ||| Stepping ~*~*~tactically~*~*~ (stealth).
  1443 | D:2      | Noticed Jessica
  1447 | D:2      | Killed Jessica
  1484 | D:2      | Found a faded altar of an unknown god.
  1514 | D:2      | 1514 ||| DROPPING +0 club.
  1620 | D:2      | 1620 ||| Stepping ~*~*~tactically~*~*~ (stealth).
  1623 | D:2      | 1623 ||| Stepping ~*~*~tactically~*~*~ (stealth).
  1626 | D:2      | Reached XP level 5. HP: 32/32 MP: 5/5
  1641 | D:2      | Noticed Robin
  1642 | D:2      | 1642 ||| Stepping ~*~*~tactically~*~*~ (stealth).
  1674 | D:2      | Killed from afar by Robin

Levels and vault maps discovered:
D:1:      minmay_arrival_stone_box, layout_basic, minmay_pentomino_x2
D:2:      layout_basic, basic_ecumenical_altar, chequers_serial_rivers_small_b,
          hangedman_decor_points, minmay_misc_feat_iff, uniq_jessica, uniq_robin

Skill      XL: |  1  2  3  4 |
---------------+-------------+-----
Axes           | 2 3 4 |  4.7
Fighting       | |  3.2
Armour         | |  3.2
Shields        | |  3.2

Action                   |  1- 3 |  4- 6 || total
-------------------------+-------+-------++-------
Melee: War axe           |   144 |    66 ||   210
  Use: Scroll            |     4 |       ||     4
Armor: Scale mail        |    69 |    27 ||    96
Dodge: Dodged            |    70 |    36 ||   106
Block: Buckler           |    35 |    20 ||    55

Table legend:
 A = Non-vault XP
 B = Vault XP
 C = Vault XP percentage of total XP
 D = Non-vault monster count
 E = Vault monster count
 F = Vault count percentage of total count
                 A         B        C        D         E       F
            +---------+---------+-------+---------+---------+-------
      Total |     124 |      63 |  33.7 |      58 |      15 |  20.5
            +---------+---------+-------+---------+---------+-------
        D:1 |      67 |       3 |   4.3 |      38 |       2 |   5.0
        D:2 |      57 |      60 |  51.3 |      20 |      13 |  39.4
            +---------+---------+-------+---------+---------+-------
